 Dungeon Crawl Stone Soup version 0.29-a0-837-g174bc33265 (webtiles) character file.

Game seed: 3495486743027202613

151 Querens the Covered (level 5, -3/46 HPs)
             Began as a Meteoran Fighter on July 13, 2022.
             Slain by an ogre
             ... wielding a +0 giant club
              (21 damage)
             ... on level 4 of the Dungeon.
             The game lasted 00:02:44 (669 turns).

Querens the Covered (Meteoran Fighter)               Turns: 669, Time: 00:02:44

Health: -3/46      AC:  9    Str: 18 (19) XL:     5   Next: 90%
Magic:  6/6        EV:  9    Int:  6 (9)  God:
Gold:   102        SH:  5    Dex: 12 (14) Spells: 4/4 levels left

rFire   . . .      SeeInvis .   a - +0 war axe
rCold   . . .      Faith    .   c - +0 buckler
rNeg    . . .      Spirit   .   b - +0 scale mail
rPois   .          Reflect  .   (no helmet)
rElec   .          Harm     .   s - +0 cloak
rCorr   .          Rampage  .   p - +0 pair of gloves
Will    .....                   (no boots)
Stlth   ..........              (no amulet)
HPRegen 0.15/turn               (no ring)
MPRegen 0.10/turn               (no ring)

@: attractive, flying, glowing
A: sense surroundings 1, otherworldly, glowing, explore regen
a: no special abilities


You were on level 4 of the Dungeon.
You visited 1 branch of the dungeon, and saw 3 of its levels.

You collected 102 gold pieces.

Inventory:

Hand Weapons
 a - a +0 war axe (weapon)
Armour
 b - a +0 scale mail (worn)
 c - a +0 buckler (worn)
 p - a +0 pair of gloves (worn)
 s - a +0 cloak (worn)
Scrolls
 f - a scroll of enchant weapon {unknown}
 g - 2 scrolls of amnesia {unknown}
 i - a scroll of noise {unknown}
 j - 2 scrolls of teleportation {unknown}
 m - a scroll of summoning {unknown}
 n - 5 scrolls of identify {unknown}
 r - a scroll of vulnerability {unknown}
Potions
 k - a potion of magic {unknown}
 l - a potion of invisibility {unknown}
 o - a potion of curing {unknown}
 q - a potion of mutation {unknown}


   Skills:
 + Level 4.3 Fighting
 + Level 3.8 Axes
 + Level 4.7 Armour
 + Level 4.6 Shields


You had 4 spell levels left.
You didn't know any spells.
Your spell library was empty.

Dungeon Overview and Level Annotations

Branches:
Dungeon (2/15) Zot: 1095

Altars:


Innate Abilities, Weirdness & Mutations

You passively map a small area around you.
You are easily found by Zot.
You glow in the dark.
You regain HP and MP as you explore.


Message History

d - a cyan potion You feel a little less mighty now.
Found a cloak.
Found a pair of gloves.
Found a stone.
You see here a +0 cloak.
s - a +0 cloak You start putting on your armour.
You continue putting on your +0 cloak. x4
You finish putting on your +0 cloak.
You see here a +0 pair of gloves.
An ogre comes into view. It is wielding a +0 giant club.
Found a stone staircase leading up.
The ogre shouts!
The ogre hits you with a +0 giant club!
You barely miss the ogre. The ogre hits you but does no damage.
An adder comes into view.
Found a stone staircase leading up.
The adder hisses angrily.
A howler monkey comes into view.
You hit the ogre.
The ogre is lightly wounded.
You closely miss the howler monkey. You miss the adder.
The adder closely misses you. The ogre barely misses you.
The howler monkey hits you. The adder closely misses you.
Unknown command.
Unknown command.
It was a potion of flight.
You feel very buoyant.
You fly up into the air.
You block the howler monkey's attack. The adder barely misses you.
The ogre hits you with a +0 giant club!
It was a potion of degeneration.
There was something very wrong with that liquid.
You feel weakened.
You feel dopey.
You feel clumsy. You block the howler monkey's attack.
The adder barely misses you. The howler monkey closely misses you.
It was a potion of attraction.
You feel attractive to monsters. The adder bites you but does no damage.
The ogre hits you with a +0 giant club!!
You die...

.., , .. * ,.#* .# * , .. ,*
.### *.# * #. ... .####, #.
####** .# .#.... #. #.. , ,,
, .####...... #. #.# **
.##......#.<###h####.####
.##.#........<.S@O......# ,
........##.#########.##.##.#
........##. ##[.....(#
.##..#.... #.....####
.###.#..####### #.#####
.###.#........# #.#
.....†)######.# #.# .......#
,, #.# .......# #.#


You could see an ogre, a howler monkey and an adder.

Vanquished Creatures
  Blork the orc (D:4)
  A hound (D:4)
  2 worms
  A dart slug (D:1)
  A ball python (D:2)
  4 bats
  6 endoplasms
  3 giant cockroaches
  8 goblins
  5 hobgoblins
  A quokka (D:4)
  A frilled lizard (D:2)
  5 kobolds
  3 rats
42 creatures vanquished.

Notes
Turn   | Place    | Note
-------+----------+-------------------------------------------
     0 | D:1      | Querens the Meteoran Fighter began the quest for the Orb.
     0 | D:1      | Reached XP level 1. HP: 19/19 MP: 2/2
    36 | D:1      | Reached XP level 2. HP: 21/26 MP: 3/3
   127 | D:1      | Reached XP level 3. HP: 20/31 MP: 4/4
   334 | D:2      | Found a faded altar of an unknown god.
   417 | D:2      | Reached XP level 4. HP: 40/40 MP: 5/5
   472 | D:2      | You fall into a shaft and drop 2 floors!
   573 | D:4      | Noticed Blork the orc
   582 | D:4      | Killed Blork the orc
   583 | D:4      | Reached XP level 5. HP: 18/46 MP: 6/6
   658 | D:4      | Noticed an ogre
   669 | D:4      | Slain by an ogre

Illustrated notes

Levels and vault maps discovered:
D:1:      dpeg_arrival_rhombus, layout_rooms
D:2:      layout_basic, chequers_ecumenical_altar_twisty
D:4:      layout_loops_cross, minmay_temple_entry_gardened_gates,
          uniq_blork_the_orc

Skill      XL: |  1  2  3  4 |
---------------+-------------+-----
Armour         | 4 |  4.7
Shields        | 4 |  4.6
Axes           | 3 |  3.8
Fighting       | 4 |  4.3

Action                   |  1- 3 |  4- 6 || total
-------------------------+-------+-------++-------
Melee: War axe           |    57 |    33 ||    90
  Use: Potion            |       |     4 ||     4
Armor: Scale mail        |    25 |    18 ||    43
Dodge: Dodged            |    18 |    19 ||    37
Block: Buckler           |     7 |     6 ||    13

Table legend: (Time is in decaauts)
 A = Elapsed time spent in this place.
 B = Non-inter-level travel time spent in this place.
 C = Inter-level travel time spent in this place.
 D = Time resting spent in this place.
 E = Time spent auto-exploring this place.
 F = Levels seen in this place.
 G = Mean time per level.
                   A        B        C        D        E       F      G
               +--------+--------+--------+--------+--------+-----+--------+
         Total |    703 |    693 |     10 |      0 |      0 |   3 |  234.3 |
       Dungeon |    703 |    693 |     10 |      0 |      0 |   3 |  234.3 |
               +--------+--------+--------+--------+--------+-----+--------+

Top non-repeatable levels by time:
     D:1: 306 daAuts
     D:4: 207 daAuts
     D:2: 189 daAuts
